 Dungeon Crawl Stone Soup version 0.28.0-53-g5a82cb258f (webtiles) character file.

Game seed: 10019639717105083010

33 DocClef the Chiller (level 3, -1/25 HPs)
             Began as a Gnoll Ice Elementalist on July 11, 2022.
             Succumbed to an adder's poison
             ... on level 2 of the Dungeon.
             The game lasted 00:02:13 (1246 turns).

DocClef the Chiller (Gnoll Ice Elementalist)        Turns: 1246, Time: 00:02:14

Health: -1/25      AC:  2    Str:  7    XL:     3   Next: 29%
Magic:  8/9        EV: 13    Int: 16    God:
Gold:   45         SH:  0    Dex: 12    Spells: 11/12 levels left

rFire   . . .      SeeInvis .   h - +2 dagger (pain)
rCold   . . .      Faith    .   (no shield)
rNeg    . . .      Spirit   .   a - +0 robe
rPois   .          Reflect  .   (no helmet)
rElec   .          Harm     .   (no cloak)
rCorr   .          Rampage  .   (no gloves)
Will    .....                   (no boots)
Stlth   ++........              (no amulet)
HPRegen 0.08/turn               (no ring)
MPRegen 0.11/turn               (no ring)

@: lethally poisoned (-1 -> -3), on berserk cooldown, slowed, very slow
A: fangs 1, strong nose, distributed training
a: no special abilities


You were on level 2 of the Dungeon.
You visited 1 branch of the dungeon, and saw 2 of its levels.

You collected 45 gold pieces.

Inventory:

Hand Weapons
 h - a +2 dagger of pain (weapon)
Missiles
 e - 2 poisoned darts
Armour
 a - a +0 robe (worn)
Scrolls
 b - a scroll of magic mapping {unknown}
 d - 2 scrolls of fear {unknown}
 f - 2 scrolls of teleportation {unknown}
 i - a scroll of enchant armour {unknown}
 j - a scroll of identify {unknown}
 k - a scroll of silence {unknown}
Potions
 g - a potion of curing {unknown}


   Skills:
 + Level 0.7 Fighting
 + Level 0.7 Short Blades
 + Level 0.7 Long Blades
 + Level 0.7 Axes
 + Level 0.7 Maces & Flails
 + Level 0.7 Polearms
 + Level 0.7 Staves
 + Level 0.7 Slings
 + Level 0.7 Bows
 + Level 0.7 Crossbows
 + Level 0.7 Throwing
 + Level 0.7 Armour
 + Level 4.5 Dodging
 + Level 4.1 Stealth
 + Level 0.7 Shields
 + Level 0.7 Unarmed Combat
 + Level 5.0 Spellcasting
 + Level 0.5 Conjurations
 + Level 0.5 Hexes
 + Level 0.5 Summonings
 + Level 0.5 Necromancy
 + Level 0.5 Translocations
 + Level 0.5 Transmutations
 + Level 0.5 Fire Magic
 + Level 7.1 Ice Magic
 + Level 0.5 Air Magic
 + Level 0.5 Earth Magic
 + Level 0.5 Poison Magic
 + Level 0.9 Invocations
 + Level 0.7 Evocations


You had 11 spell levels left.
You knew the following spells:

 Your Spells              Type           Power      Damage    Failure   Level
a - Freeze                Ice            100%       1d11      1%          1

Your spell library contained the following spells:

 Spells                   Type           Power      Damage    Failure   Level
 Frozen Ramparts          Ice            52%        1d7       2%          3
 Ozocubu's Armour         Ice            26%        N/A       2%          3
 Hailstorm                Conj/Ice       16%        3d6       32%         4


Dungeon Overview and Level Annotations

Branches:
Dungeon (2/15)

Altars:


Innate Abilities, Weirdness & Mutations

You have very sharp teeth.
Your uncanny sense of smell can sniff out nearby items.
Your experience applies equally to all skills.


Message History

You are too injured to fight recklessly!
You hit the adder.
The adder is almost dead.
You feel sick. The adder bites you.
* * * LOW HITPOINT WARNING * * *
Casting: Freeze (safe; 1% risk of failure)
Confirm with . or Enter, or press ? or * to list all spells.
You don't know that spell.
Casting: Freeze (safe; 1% risk of failure)
Confirm with . or Enter, or press ? or * to list all spells.
Aiming: Freeze (safe; 1% risk of failure)
Press: ? - help, Shift-Dir - straight line, f/p - adder
Aim: an adder (almost dead, slow)
You freeze the adder.
You kill the adder!
* * * LOW HITPOINT WARNING * * *
You feel sick.
Your Spellcasting skill increases to level 5!
It was a potion of berserk rage.
A red film seems to cover your vision as you go berserk!
You feel yourself moving faster!
You feel mighty!
* * * LOW HITPOINT WARNING * * *
You feel sick.
You are too berserk!
There are no items here.
You start resting.
You feel a strong urge to attack something.
* * * LOW HITPOINT WARNING * * *
You feel sick.
* * * LOW HITPOINT WARNING * * *
You feel sick.
You feel your anger nearly subside.
You are no longer berserk.
You are exhausted.
You feel yourself slow down.
* * * LOW HITPOINT WARNING * * *
You feel sick.
* * * LOW HITPOINT WARNING * * *
You feel sick.
You die...

#.##.# #..# #
..... #.># #. #..#
#..# #..##?#####+#
#..# #........##.#
#.)# #..##.##.##.#
#..# #)#.....#
#..# #.#.###.#
#####... #@#.###.#
#......#
#†#.....###......#
#.#.......'......#
#.#.....###.....##
#.#.....# #.....#
........# #######
#.......#
#.......#
###...#.#


There were no monsters in sight!

Vanquished Creatures
  An adder (D:2)
  A worm (D:2)
  4 endoplasms
  A giant cockroach (D:1)
  2 goblins
  2 hobgoblins (D:1)
  5 ball pythons (D:1)
  A bat (D:1)
  A frilled lizard (D:2)
  2 kobolds
  A rat (D:1)
21 creatures vanquished.

Vanquished Creatures (others)
  4 fungi (D:1)
  5 plants (D:1)
9 creatures vanquished.

Grand Total: 30 creatures vanquished

Notes
Turn   | Place    | Note
-------+----------+-------------------------------------------
     0 | D:1      | DocClef the Gnoll Ice Elementalist began the quest for the
                  | Orb.
     0 | D:1      | Reached XP level 1. HP: 13/13 MP: 6/6
   425 | D:1      | Reached XP level 2. HP: 16/19 MP: 5/7
   761 | D:1      | Found a faded altar of an unknown god.
  1204 | D:2      | Reached XP level 3. HP: 25/25 MP: 9/9
  1240 | D:2      | Reached skill level 5 in Spellcasting
  1245 | D:2      | HP: 1/25 [poisoned by an adder]
  1246 | D:2      | Succumbed to an adder's poison

Illustrated notes

Levels and vault maps discovered:
D:1:      mrwooster_arrival_statue, layout_loops_cross,
          shapermc_ecumenical_altar_mp_urbaneastern, minmay_crystal_room,
          st_stairs_13, minmay_liquid_box
D:2:      layout_basic

Skill      XL: |  1  2  3 |
---------------+----------+-----
Spellcasting   | 5 |  5.0
Fighting       | |  0.7
Short Blades   | |  0.7
Long Blades    | |  0.7
Axes           | |  0.7
Maces & Flails | |  0.7
Polearms       | |  0.7
Staves         | |  0.7
Slings         | |  0.7
Bows           | |  0.7
Crossbows      | |  0.7
Throwing       | |  0.7
Armour         | |  0.7
Dodging        | |  4.5
Stealth        | |  4.1
Shields        | |  0.7
Unarmed Combat | |  0.7
Conjurations   | |  0.5
Hexes          | |  0.5
Summonings     | |  0.5
Necromancy     | |  0.5
Translocations | |  0.5
Transmutations | |  0.5
Fire Magic     | |  0.5
Ice Magic      | |  7.1
Air Magic      | |  0.5
Earth Magic    | |  0.5
Poison Magic   | |  0.5
Invocations    | |  0.9
Evocations     | |  0.7

Action                   || total
-------------------------++-------
Melee: Dagger            ||    30
       Unarmed           ||     2
       Bite              ||     1
 Cast: Freeze            ||    15
  Use: Potion            ||     1
 Stab: Sleeping          ||     5
Armor: Robe              ||     7
Dodge: Dodged            ||    26
